 Dungeon Crawl Stone Soup version 0.21.0-3-g78d12a8 (webtiles) character file.

2258 komo4ek the Slinger (level 9, -20/61 HPs)
             Began as a Human Arcane Marksman on Jan 17, 2018.
             Was a Believer of Okawaru.
             Killed from afar by a gargoyle (27 damage)
             ... with a stone arrow
             ... on level 8 of the Dungeon.
             The game lasted 00:22:18 (10237 turns).

komo4ek the Slinger (Human Arcane Marksman)        Turns: 10237, Time: 00:22:19

Health: -20/61     AC:  6    Str: 13    XL:     9   Next: 64%
Magic:  11/11      EV:  9    Int: 13    God:    Okawaru [**....]
Gold:   345        SH:  4    Dex: 21    Spells: 10/11 levels left

rFire    . . .     SeeInvis .   z - +0 hunting sling
rCold    + . .     Gourm    .   g - +0 buckler
rNeg     . . .     Faith    .   V - +0 scale mail
rPois    .         Spirit   .   (no helmet)
rElec    .         Reflect  .   (no cloak)
rCorr    +         Harm     +   (no gloves)
MR       +....                  (no boots)
Stlth    ..........             K - amulet "Yni Qum" {Harm *Drain MR+ Dex+6}
HPRegen  0.20/turn              P - ring of resist corrosion
MPRegen  0.12/turn              N - ring of protection from cold

@: drained
A: no striking features
a: Heroism, Renounce Religion


You were on level 8 of the Dungeon.
You worshipped Okawaru.
Okawaru was pleased with you.
You were not hungry.

You visited 1 branch of the dungeon, and saw 8 of its levels.

You collected 345 gold pieces.

Inventory:

Hand Weapons
 a - a +0 shortbow
 h - a +0 club
 u - a +0 flail
 z - a +0 hunting sling (weapon)
Missiles
 b - 82 stones (quivered)
 d - 184 arrows
 k - 21 bolts
 m - 101 sling bullets
 v - 23 poisoned needles
Armour
 g - a +0 buckler (worn)
 V - a +0 scale mail (worn)
Jewellery
 A - an uncursed amulet of magic regeneration {unknown}
 D - an uncursed ring of wizardry
 K - the amulet "Yni Qum" (around neck) {Harm *Drain MR+ Dex+6}
   (You found it on level 5 of the Dungeon)

   [amulet of harm]

   It increases damage dealt and taken.
   It affects your dexterity (+6).
   It affects your resistance to hostile enchantments.
   It causes draining when unequipped.
 L - an uncursed ring of wizardry
 N - a ring of protection from cold (right hand)
 P - a ring of resist corrosion (left hand)
Wands
 M - a wand of acid (3)
 O - a wand of enslavement (14)
Scrolls
 i - 2 scrolls of random uselessness {unknown}
 l - 4 scrolls of teleportation {unknown}
 q - 2 scrolls of magic mapping {unknown}
 r - 3 scrolls of remove curse
 s - 6 scrolls of identify {unknown}
 t - 2 scrolls of amnesia {unknown}
 y - 2 scrolls of blinking {unknown}
 B - a scroll of enchant weapon {unknown}
 C - 3 scrolls of noise {unknown}
 I - 2 scrolls of immolation {unknown}
 Q - a scroll of fear {unknown}
 T - 2 scrolls of enchant armour {unknown}
Potions
 e - a potion of lignification {unknown}
 j - 4 potions of might
 n - 3 potions of flight
 p - a potion of heal wounds
 w - 4 potions of ambrosia {unknown}
 x - 2 potions of resistance {unknown}
 E - 3 potions of brilliance {unknown}
 F - a potion of curing {unknown}
 G - 3 potions of haste {unknown}
 H - 4 potions of mutation {unknown}
 R - a potion of agility
 S - a potion of berserk rage {unknown}
 U - a potion of invisibility {unknown}
Books
 c - a book of Debilitation

   Spells                             Type                      Level
   a - Corona                         Hexes                        1
   b - Slow                           Hexes                        2
   c - Inner Flame                    Hexes/Fire                   3
   d - Portal Projectile              Hexes/Translocation          3
   e - Cause Fear                     Hexes                        4
   f - Leda's Liquefaction            Hexes/Earth                  4
Comestibles
 f - 15 rations


   Skills:
 - Level 2.0(1.2) Fighting
 + Level 11.4(10.3) Slings
 - Level 2.0(1.2) Bows
 - Level 1.4(0.6) Armour
 - Level 2.6(1.8) Dodging
 - Level 1.8(1.0) Spellcasting
 - Level 3.0(2.1) Hexes


You had 10 spell levels left.
You knew the following spells:

 Your Spells              Type           Power        Failure   Level  Hunger
a - Corona                Hex            #......      67%         1    ##.....


Dungeon Overview and Level Annotations

Branches:
Dungeon (8/15)             Temple (0/1) D:6
   Lair: D:8-11

Altars:
Cheibriados
Dithmenos
Hepliaklqana
Makhleb
Nemelex Xobeh
Okawaru
Qazlal
Sif Muna
Vehumet
Wu Jian
Yredelemnul
Zin

Shops:
D:5 }(?![


Message History

The stone arrow hits you!
The hound zombie bites you but does no damage.
Firing (i - inventory. (,) - cycle):
b - 83 stones (quivered)
Press: ? - help, Shift-Dir - straight line, f/p - hound zombie
Aim: a hound zombie (almost destroyed)
You shoot a stone. The stone hits the hound zombie.
You destroy the hound zombie!
Okawaru accepts your kill. The gargoyle closely misses you.
Things that are here:
5 stones; a throwing net The gargoyle hurls a stone arrow at you.
The stone arrow hits you!
* * * LOW HITPOINT WARNING * * *
You see here a ration.
Found a stone staircase leading down.
You see here a stone.
The gargoyle hurls a stone arrow at you.
The stone arrow hits you!
You die...

###
>.#
#.#
#.#
#@#
#.#
#.#
#.#
#9#
#.#
#%#
#.#
#.#


You could see a gargoyle.

Vanquished Creatures
  A spriggan (D:7)
  A sky beast (D:7)
  3 ogres
  3 phantoms
  3 centaurs
  A bullfrog (D:6)
  A scorpion (D:4)
  3 wights (D:8)
  2 howler monkeys (D:8)
  3 crimson imps
  A centaur zombie (D:8)
  A bullfrog zombie (D:5)
  A quasit (D:7)
  A hound (D:7)
  7 orc priests
  A bullfrog skeleton (D:6)
  A jelly (D:5)
  2 centaur skeletons
  An iguana (D:4)
  5 orc wizards
  A worker ant (D:4)
  A hound zombie (D:8)
  5 gnolls
  3 adders
  2 shadow imps
  2 oozes
  An adder zombie (D:8)
  An adder skeleton (D:7)
  2 worms (D:2)
  3 dart slugs
  2 leopard geckos
  23 orcs
  6 bats
  3 giant cockroaches
  10 hobgoblins
  10 jackals
  3 quokkas
  A ball python (D:2)
  5 frilled lizards
  7 goblins
  A jackal skeleton (D:4)
  4 kobolds
  2 leopard gecko skeletons
  4 rats
144 creatures vanquished.

Vanquished Creatures (collateral kills)
  An orc (D:7)
1 creature vanquished.

Grand Total: 145 creatures vanquished

Notes
Turn   | Place    | Note
-------+----------+-------------------------------------------
     0 | D:1      | komo4ek the Human Arcane Marksman began the quest for the Orb.
     0 | D:1      | Reached XP level 1. HP: 15/15 MP: 2/2
    65 | D:1      | Reached XP level 2. HP: 7/21 MP: 3/3
   497 | D:1      | Reached XP level 3. HP: 26/26 MP: 5/5
   532 | D:1      | Reached skill level 1 in Armour
  1307 | D:2      | Reached XP level 4. HP: 16/33 MP: 6/6
  1756 | D:2      | Reached skill level 1 in Slings
  2486 | D:3      | Reached skill level 2 in Slings
  2486 | D:3      | Reached XP level 5. HP: 31/38 MP: 7/7
  2509 | D:3      | Found a burning altar of Makhleb.
  2663 | D:3      | Found a shadowy altar of Dithmenos.
  2663 | D:3      | Found a hazy altar of Hepliaklqana.
  3235 | D:3      | Found a faded altar of an unknown god.
  3307 | D:4      | Noticed an ogre
  3327 | D:4      | Killed an ogre
  3327 | D:4      | Reached skill level 3 in Slings
  3327 | D:4      | Reached XP level 6. HP: 31/44 MP: 8/8
  3616 | D:4      | Reached skill level 4 in Slings
  3947 | D:4      | Found a radiant altar of Vehumet.
  3947 | D:4      | Found a glowing silver altar of Zin.
  3948 | D:4      | Found a stormy altar of Qazlal.
  3948 | D:4      | Found a burning altar of Makhleb.
  3949 | D:4      | Found a sparkling altar of Nemelex Xobeh.
  3950 | D:4      | Found an iron altar of Okawaru.
  3952 | D:4      | Found a basalt altar of Yredelemnul.
  3956 | D:4      | Became a worshipper of Warmaster Okawaru
  4090 | D:4      | Reached skill level 5 in Slings
  4559 | D:4      | Reached XP level 7. HP: 41/50 MP: 9/9
  4939 | D:5      | Entered Level 5 of the Dungeon
  4945 | D:5      | Found Yciunux's Gadget Boutique.
  5051 | D:5      | Reached skill level 6 in Slings
  5097 | D:5      | Got a shimmering pewter amulet
  5929 | D:5      | Found Atuuv's Armour Emporium.
  5946 | D:5      | Found Nocrik Letei's Weapon Shoppe.
  5958 | D:5      | Found Soom's Magic Scroll Shoppe.
  5972 | D:5      | Found Vusofil's Distillery.
  5994 | D:5      | Identified the amulet "Yni Qum" {Harm *Drain MR+ Dex+6} (You found it on level 5 of the Dungeon)
  6013 | D:5      | Reached skill level 7 in Slings
  6367 | D:5      | Found a snail-covered altar of Cheibriados.
  6570 | D:5      | Reached XP level 8. HP: 21/56 MP: 10/10
  6863 | D:6      | Reached * piety under Okawaru
  6908 | D:6      | Reached skill level 8 in Slings
  7038 | D:6      | Found a deep blue altar of Sif Muna.
  7106 | D:6      | You fall through a shaft!
  7392 | D:6      | Found an ornate altar of the Wu Jian Council.
  7455 | D:6      | Reached skill level 9 in Slings
  7586 | D:6      | Found a stormy altar of Qazlal.
  7695 | D:6      | Reached ** piety under Okawaru
  7998 | D:6      | Reached XP level 9. HP: 28/61 MP: 11/11
  8270 | D:6      | Found a staircase to the Ecumenical Temple.
  8546 | D:7      | Reached skill level 10 in Slings
  9625 | D:8      | Reached skill level 11 in Slings
 10037 | D:8      | Noticed a gargoyle
 10237 | D:8      | Killed from afar by a gargoyle

Skill      XL: |  1  2  3  4  5  6  7  8  9 |
---------------+----------------------------+-----
Armour         | 1 |  1.4
Fighting       | 2 |  2.0
Slings         | 2 3 5 7 9 11 | 11.4
Bows           | |  2.0
Dodging        | |  2.6
Spellcasting   | |  1.8
Hexes          | |  3.0

Action                   |  1- 3 |  4- 6 |  7- 9 || total
-------------------------+-------+-------+-------++-------
Melee: Club              |   113 |       |       ||   113
       Flail             |    12 |   174 |   120 ||   306
 Fire: Shortbow          |     3 |       |       ||     3
       Hunting sling     |       |       |   479 ||   479
Throw: Javelin           |     3 |    25 |    33 ||    61
       Stone             |       |     3 |       ||     3
       Throwing net      |       |       |     2 ||     2
Evoke: Wand              |       |       |    14 ||    14
  Use: Potion            |       |       |     6 ||     6
       Scroll            |       |       |     1 ||     1
  Eat: Ration            |     1 |     2 |     5 ||     8
       Chunk             |       |     3 |       ||     3
Armor: Chain mail        |    91 |   123 |   201 ||   415
       Robe              |     2 |       |       ||     2
       Scale mail        |       |       |    11 ||    11
Dodge: Dodged            |    41 |    48 |   118 ||   207
Block: Buckler           |    22 |    30 |    50 ||   102
